 Dungeon Crawl Stone Soup version 0.20.0-4-g10b340a (webtiles) character file.

345 Gorglomux the Skirmisher (level 6, 0/49 HPs)
             Began as a Formicid Enchanter on May 27, 2017.
             Killed by divine providence
             ... invoked by an orc priest
              (10 damage)
             ... on level 3 of the Dungeon.
             The game lasted 00:06:47 (5055 turns).

Gorglomux the Skirmisher (Formicid Enchanter)       Turns: 5055, Time: 00:06:48

Health: 0/49       AC: 13    Str: 14    XL:     6   Next: 89%
Magic:  9/9        EV:  3    Int: 14    God:
Gold:   151        SH: 12    Dex: 12    Spells: 8/9 levels left

rFire    . . .     SeeInvis +   U - +0 whip
rCold    . . .     Gourm    .   y - +0 large shield
rNeg     . . .     Faith    .   p - +0 chain mail
rPois    .         Spirit   .   (helmet unavailable)
rElec    .         Reflect  .   h - +1 cloak
rCorr    .         Harm     .   A - +1 pair of gloves
MR       .....                  (no boots)
Stlth    ..........             Y - amulet of magic regeneration
Regen    0.2/turn               (no ring)
MPRegen  0.2/turn               (no ring)

@: drained
A: permanent stasis, dig shafts and tunnels, four strong arms, antennae 3
a: Dig, Shaft Self


You were on level 3 of the Dungeon.
You were hungry.

You visited 1 branch of the dungeon, and saw 4 of its levels.

You collected 151 gold pieces.

Inventory:

Hand Weapons
 a - a +1 dagger
 U - a +0 whip (weapon)
Armour
 h - a +1 cloak (worn)
 p - a +0 chain mail (worn)
 y - a +0 large shield (worn)
 A - a +1 pair of gloves (worn)
Jewellery
 Y - an amulet of magic regeneration (around neck)
Scrolls
 G - a scroll of immolation
 R - 3 scrolls of identify
 X - a scroll of recharging
 Z - a scroll of remove curse
Potions
 t - a potion of heal wounds
 w - a potion of flight {unknown}
 D - a potion of cancellation {unknown}
 Q - 3 potions of curing
 W - a potion of degeneration {unknown}
Books
 c - a book of Maledictions

   Spells                             Type                      Level
   a - Corona                         Hexes                        1
   b - Ensorcelled Hibernation        Hexes/Ice                    2
   c - Confuse                        Hexes                        3
   d - Tukima's Dance                 Hexes                        3
   e - Dazzling Spray                 Conjuration/Hexes            3
Comestibles
 d - 4 bread rations
 C - 2 fruits
 H - a royal jelly


   Skills:
 + Level 4.3(4.2) Fighting
 - Level 1.0(0.9) Short Blades
 + Level 3.9(3.8) Armour
 - Level 1.7 Dodging
 - Level 3.6(3.5) Stealth
 + Level 3.5 Shields
 - Level 2.1 Spellcasting
 - Level 3.6(3.5) Hexes


You had 8 spell levels left.
You knew the following spells:

 Your Spells              Type           Power        Failure   Level  Hunger
a - Corona                Hex            ##.....      100%        1    #......


Dungeon Overview and Level Annotations

Branches:
Dungeon (4/15)
 Temple: D:4-7

Altars:


Innate Abilities, Weirdness & Mutations

You cannot be hasted, slowed, berserked, paralysed or teleported.
You can dig through walls and to a lower floor.
Your four strong arms can wield two-handed weapons with a shield.
You have a pair of large antennae on your head. (SInv)


Message History

The orc priest is almost dead.
The orc priest mumbles some strange prayers to Beogh against you.
Pain shoots through your body!
* * * LOW HITPOINT WARNING * * *
The orc hits you but does no damage.
The orc priest hits you but does no damage.
The orc barely misses you.
You closely miss the orc priest.
The orc priest is almost dead.
You block the orc's attack. You block the orc priest's attack.
You closely miss the orc priest.
The orc priest is almost dead.
You block the orc's attack.
The orc priest casts a cantrip, but nothing happens.
You hit the orc priest but do no damage.
The orc priest is almost dead.
The orc hits you but does no damage.
The orc priest mumbles some strange prayers to Beogh against you.
Beogh smites you!
You die...

# # # # #########
####### #........
#.....# #.####.##
#.....########.####.##
#..<.@o.[......#....##
#....o#####.####.#####
#.....# #.## #.# #
###.### ##.# #.# # #.#
#.## ##.# # #.# ##.#
#.<# # #.# #.## #.## #
#.# ##.# #.# # #.#
#.####.###


You could see an orc priest and an orc.

Vanquished Creatures
  A water moccasin skeleton (D:4)
  An orc priest (D:2)
  2 orc wizards
  Terence (D:3)
  Robin (D:3)
  4 adders
  3 adder skeletons
  2 worms
  A dart slug (D:1)
  5 leopard geckos
  14 orcs
  7 bats
  7 giant cockroaches
  18 goblins
  7 hobgoblins
  2 jackals (D:2)
  10 kobolds
  2 quokkas (D:3)
  2 ball pythons (D:1)
  7 frilled lizards
  8 rats
105 creatures vanquished.

Notes
Turn   | Place    | Note
-------+----------+-------------------------------------------
     0 | D:1      | Gorglomux the Formicid Enchanter began the quest for the Orb.
     0 | D:1      | Reached XP level 1. HP: 13/13 MP: 3/3
   137 | D:1      | Reached skill level 1 in Fighting
   137 | D:1      | Reached skill level 1 in Armour
   137 | D:1      | Reached XP level 2. HP: 20/21 MP: 5/5
   656 | D:1      | Reached XP level 3. HP: 18/27 MP: 6/6
   734 | D:1      | Reached skill level 2 in Fighting
  1398 | D:2      | Reached XP level 4. HP: 22/34 MP: 7/7
  1828 | D:3      | Noticed Robin
  1873 | D:3      | Killed Robin
  1873 | D:3      | Reached skill level 1 in Shields
  1887 | D:3      | Reached skill level 3 in Fighting
  2032 | D:3      | Reached XP level 5. HP: 24/41 MP: 8/8
  2592 | D:3      | Noticed Terence
  2653 | D:3      | Killed Terence
  2823 | D:3      | Reached skill level 3 in Armour
  3593 | D:4      | Reached XP level 6. HP: 40/48 MP: 9/9
  3677 | D:4      | Reached skill level 4 in Fighting
  3677 | D:4      | Reached skill level 3 in Shields
  5055 | D:3      | Killed from afar by an orc priest

Skill      XL: |  1  2  3  4  5  6 |
---------------+-------------------+-----
Fighting       | 1 2 3 4 |  4.3
Armour         | 1 2 3 |  3.9
Shields        | 1 2 3 |  3.5
Short Blades   | |  1.0
Dodging        | |  1.7
Stealth        | |  3.6
Spellcasting   | |  2.1
Hexes          | |  3.6

Action                   |  1- 3 |  4- 6 || total
-------------------------+-------+-------++-------
Melee: Dagger            |    62 |       ||    62
       Spear             |    65 |   495 ||   560
       Unarmed           |       |   199 ||   199
       Whip              |       |    61 ||    61
       Falchion          |       |    26 ||    26
 Abil: Dig               |       |     8 ||     8
  Use: Potion            |     4 |     1 ||     5
       Scroll            |       |     9 ||     9
 Stab: Sleeping          |     6 |       ||     6
       Distracted        |     1 |       ||     1
  Eat: Chunk             |     2 |    15 ||    17
Armor: Robe              |     8 |       ||     8
       Chain mail        |    39 |   467 ||   506
Dodge: Dodged            |    52 |    51 ||   103
Block: Large shield      |       |   480 ||   480
